 Dungeon Crawl Stone Soup version 0.28.0 (webtiles) character file.

Game seed: 12105217837675264056

248 browni3141 the Skirmisher (level 5, -3/48 HPs)
             Began as a Minotaur Berserker on Feb 16, 2022.
             Was a Believer of Trog.
             Killed from afar by Dowan (22 damage)
             ... with a shard of ice
             ... on level 4 of the Dungeon.
             The game lasted 00:01:34 (3059 turns).

browni3141 the Skirmisher (Minotaur Berserker)      Turns: 3059, Time: 00:01:34

Health: -3/48      AC:  4    Str: 23    XL:     5   Next: 86%
Magic:  4/4        EV: 12    Int:  4    God:    Trog [**....]
Gold:   161        SH:  0    Dex: 10    Spells: 4/4 levels left

rFire   . . .      SeeInvis .   i - +0 hand axe (elec)
rCold   . . .      Faith    .   (no shield)
rNeg    . . .      Spirit   .   b - +0 animal skin
rPois   .          Reflect  .   (helmet restricted)
rElec   .          Harm     .   (no cloak)
rCorr   .          Rampage  .   (no gloves)
Will    .....                   m - +1 pair of boots
Stlth   +.........              (no amulet)
HPRegen 0.16/turn               (no ring)
MPRegen 0.09/turn               (no ring)

@: on berserk cooldown, slowed, very slow
A: horns 2, retaliatory headbutt
a: Renounce Religion, Berserk, Trog's Hand


You were on level 4 of the Dungeon.
You worshipped Trog.
Trog was pleased with you.
You visited 1 branch of the dungeon, and saw 4 of its levels.

You collected 161 gold pieces.

Inventory:

Hand Weapons
 a - a +0 hand axe
 i - a +0 hand axe of electrocution (weapon)
Armour
 b - a +0 animal skin (worn)
 m - a +1 pair of boots (worn)
Jewellery
 k - a ring of fire
Scrolls
 c - 2 scrolls of teleportation {unknown}
 h - 2 scrolls of enchant armour {unknown}
 j - a scroll of amnesia {unknown}
 l - a scroll of identify {unknown}
 n - a scroll of silence {unknown}
 o - a scroll of fear {unknown}
 p - a scroll of blinking {unknown}
 q - a scroll of enchant weapon {unknown}
Potions
 d - a potion of lignification {unknown}
 e - a potion of mutation {unknown}
 f - 2 potions of flight {unknown}
 g - a potion of curing {unknown}


   Skills:
 + Level 5.4 Fighting
 + Level 5.4 Axes
 + Level 4.7 Armour
 - Level 2.1 Dodging


You had 4 spell levels left.
You didn't know any spells.
Your spell library was empty.

Dungeon Overview and Level Annotations

Branches:
Dungeon (4/15)
 Temple: D:4-7

Altars:
Dithmenos

Shops:
D:1 *

Annotations:
D:4 Dowan


Innate Abilities, Weirdness & Mutations

You have a pair of horns on your head.
You reflexively headbutt those who attack you in melee.


Message History

Dowan hits you with a +0 dagger.
You closely miss Dowan.
Dowan is lightly wounded.
Dowan casts a spell.
Dowan blinks!
Dowan casts a spell at you. The stone arrow misses you.
The stone arrow misses the adder skeleton.
You slash Dowan!
Dowan is heavily wounded.
Dowan hits you but does no damage.
You slash Dowan!
Dowan is almost dead.
Dowan casts a spell.
Dowan blinks!
You slash the adder skeleton!
Lightning courses through the adder skeleton!
You destroy the adder skeleton!
Trog accepts your kill.
Dowan casts a spell.
Dowan blinks!
No target in view!
No target in view!
No target in view!
You feel a strong urge to attack something.
Things that are here:
an amulet of faith; a book of Burglary; 4 gold pieces You are no longer berserk.
You are exhausted.
You feel yourself slow down. Dowan casts a spell at you.
The stone arrow hits you! Dowan hits you but does no damage.
Dowan mumbles some strange words.
Dowan blinks!
Dowan says, "Her death will not be in vain!"
Dowan hits you with a +0 dagger. Dowan casts a spell at you.
The shard of ice hits you!!
You die...

# ..._...# #.
..?..... #..
...(.... ..#.
#..... ... ##..# ##
. #.##))# ..##..
#.....###......
##.....#.......
#####...e@.ยง......
........#.#.......
######..#.#.......
#######..#.######.#
.........#.# #
######.##.#####
#.<.......
##########


You could see Dowan (fast).

Vanquished Creatures
  Duvessa (D:4)
  A hound (D:4)
  Robin (D:2)
  A gnoll (D:3)
  2 adders (D:2)
  An adder skeleton (D:4)
  2 dart slugs (D:2)
  5 ball pythons
  7 bats
  6 endoplasms
  3 giant cockroaches
  11 goblins
  10 hobgoblins
  2 quokkas
  A frilled lizard (D:3)
  8 kobolds
  7 rats
69 creatures vanquished.

Notes
Turn   | Place    | Note
-------+----------+-------------------------------------------
     0 | D:1      | browni3141 the Minotaur Berserker began the quest for the
                  | Orb.
     0 | D:1      | Reached XP level 1. HP: 19/19 MP: 0/0
   324 | D:1      | Reached XP level 2. HP: 27/27 MP: 1/1
   818 | D:1      | Found Laar's Assorted Antiques.
  1290 | D:2      | Found a faded altar of an unknown god.
  1395 | D:2      | Noticed Robin
  1397 | D:2      | Reached XP level 3. HP: 26/33 MP: 2/2
  1407 | D:2      | Killed Robin
  1407 | D:2      | Reached ** piety under Trog
  1711 | D:2      | Reached XP level 4. HP: 34/41 MP: 3/3
  3040 | D:4      | Noticed Dowan
  3040 | D:4      | Noticed Duvessa
  3042 | D:4      | Found a shadowy altar of Dithmenos.
  3046 | D:4      | Reached skill level 5 in Fighting
  3046 | D:4      | Reached skill level 5 in Axes
  3046 | D:4      | Reached XP level 5. HP: 48/48 MP: 4/4
  3047 | D:4      | Killed Duvessa
  3059 | D:4      | Killed from afar by Dowan

Illustrated notes

Levels and vault maps discovered:
D:1:      zaba_arrival_water, layout_loops_ring, serial_shops,
          nicolae_shop_hallway_stairs, st_stairs_7, serial_bayou_pond_c
D:2:      layout_rooms, nicolae_ecumenical_oubliette, uniq_robin
D:3:      layout_basic, minmay_quadrilaterals
D:4:      layout_loops_ring, nicolae_dithmenos_shadow_blocks, temple_fountains,
          uniq_duvessa

Skill      XL: |  1  2  3  4 |
---------------+-------------+-----
Fighting       | 4 5 |  5.4
Axes           | 4 5 |  5.4
Armour         | 3 4 |  4.7
Dodging        | |  2.1

Action                   |  1- 3 |  4- 6 || total
-------------------------+-------+-------++-------
Melee: Hand axe          |    80 |    42 ||   122
       Punch             |     2 |     1 ||     3
       Headbutt          |     4 |     3 ||     7
Invok: Berserk           |     1 |     1 ||     2
Armor: Animal skin       |    22 |     8 ||    30
Dodge: Dodged            |    65 |    23 ||    88
